 Dungeon Crawl Stone Soup version 0.19.1 (webtiles) character file.

107 Gargoyl the Skirmisher (level 4, -2/40 HPs)
             Began as a Ghoul Abyssal Knight on Dec 12, 2016.
             Was a Follower of Lugonu.
             Slain by Crazy Yiuf
             ... wielding a +2 quarterstaff of chaos
              (18 damage)
             ... on level 3 of the Dungeon.
             The game lasted 00:05:44 (2631 turns).

Gargoyl the Skirmisher (Ghoul Abyssal Knight)       Turns: 2631, Time: 00:05:45

Health: -2/40      AC: 12    Str: 15    XL:     4   Next: 85%
Magic:  5/5        EV:  6    Int:  7    God:    Lugonu [*.....]
Gold:   156        SH:  0    Dex:  9    Spells: 0 memorised, 3 levels left

rFire  . . .     SeeInvis .     a - +1 hand axe
rCold  + . .     Gourm    .     d - +0 chain mail
rNeg   + + +     Faith    .     (no shield)
rPois  ∞         Spirit   .     h - +2 hat
rElec  .         Reflect  .     o - +0 cloak
rCorr  .         Harm     .     (no gloves)
MR     .....                    (no boots)
Stlth  ..........               (no amulet)
                                (no ring)
                                (no ring)

@: very slightly contaminated, rotting, invisible
A: rotting body, claws 1, carnivore 3, cold resistance 1, negative energy
resistance 3, slow regeneration 1, torment resistance, unbreathing
a: Depart the Abyss, Renounce Religion


You were on level 3 of the Dungeon.
You worshipped Lugonu.
Lugonu was aware of your devotion.
You were not hungry.

You visited 1 branch of the dungeon, and saw 3 of its levels.
You visited the Abyss 1 time.

You collected 156 gold pieces.

Inventory:

Hand Weapons
 a - a +1 hand axe (weapon)
Armour
 d - a +0 chain mail (worn)
 h - a +2 hat (worn)
 o - a +0 cloak (worn)
Scrolls
 i - a scroll of recharging {unknown}
 j - a scroll of random uselessness {unknown}
 k - 4 scrolls of amnesia {unknown}
 l - a scroll of enchant armour {unknown}
 n - 2 scrolls of identify {unknown}
Potions
 b - a potion of flight {unknown}
 e - a potion of curing {unknown}
 m - a potion of lignification {unknown}
 p - a potion of mutation {unknown}
 r - a potion of berserk rage {unknown}
 s - a potion of cancellation {unknown}
Comestibles
 c - 3 meat rations
 f - a royal jelly
 g - a beef jerky
 q - 2 chunks of flesh


   Skills:
 + Level 4.0 Fighting
 + Level 2.6 Axes
 * Level 2.8 Armour
 + Level 1.1 Dodging
 * Level 2.8 Invocations


You had 3 spell levels left.
You didn't know any spells.

Dungeon Overview and Level Annotations

Branches:
Dungeon (3/15)

Altars:
Dithmenos
Fedhas
Kikubaaqudgha

Annotations:
D:3 Crazy Yiuf


Innate Abilities, Weirdness & Mutations

Your body is rotting away.
You thrive on raw meat.
You are immune to poison.
You have sharp fingernails.
You are carnivorous and can eat meat at any time.
Your flesh is cold resistant. (rC+)
You are immune to negative energy. (rN+++)
You regenerate slowly when monsters are visible.
You are immune to unholy pain and torment.
You can survive without breathing.


Message History

Crazy Yiuf hits you with a quarterstaff of chaos!
You fade into invisibility!
You are very lightly contaminated with residual magic.
Crazy Yiuf hits you but does no damage.
You hit Crazy Yiuf.
Crazy Yiuf is heavily wounded.
Crazy Yiuf hits you with a quarterstaff of chaos.
You catch the helpless Crazy Yiuf completely off-guard!
You hit Crazy Yiuf.
Crazy Yiuf is severely wounded.
Crazy Yiuf hits you with a quarterstaff of chaos.
You closely miss Crazy Yiuf.
Crazy Yiuf is severely wounded.
Crazy Yiuf closely misses you.
You closely miss Crazy Yiuf.
Crazy Yiuf is severely wounded.
Crazy Yiuf grits, "Gum noodlescoop testudinal!"
Crazy Yiuf hits you with a quarterstaff of chaos!
You are electrocuted!
You die...

########
#####
)......#
#)..#
....##.#####
#...#
....##.#...#
#.g.#
....##.....#
#@#
...#####...#
♣.♣♣ #...##
#...# ♣♣.♣
###..###...#
♣.♣♣
####..##...#
♣♣.♣
..)........#
♣♣.♣♣
#####......#
♣♣...♣
...........#
♣....♣
##..########
#....#


You could see Crazy Yiuf.

Vanquished Creatures
  3 adders
  2 worms (D:2)
  A dart slug (D:2)
  A leopard gecko (D:3)
  3 orcs (D:3)
  5 giant cockroaches
  6 goblins
  7 hobgoblins
  9 jackals
  3 ball pythons (D:2)
  8 bats
  3 frilled lizards
  7 kobolds
  6 rats
64 creatures vanquished.

Notes
Turn   | Place    | Note
-------+----------+-------------------------------------------
     0 | Abyss:1  | Gargoyl the Ghoul Abyssal Knight began the quest for the Orb.
     0 | Abyss:1  | Reached XP level 1. HP: 19/19 MP: 1/1
    53 | Abyss:3  | Noticed a wretched star
    55 | D:1      | Escaped the Abyss
   504 | D:1      | Reached XP level 2. HP: 26/26 MP: 2/2
   688 | D:1      | Reached * piety under Lugonu
  1224 | D:2      | Found a shadowy altar of Dithmenos.
  1348 | D:2      | Reached XP level 3. HP: 31/31 MP: 3/3
  2128 | D:2      | Reached XP level 4. HP: 29/40 MP: 4/4
  2135 | D:2      | Found a blossoming altar of Fedhas.
  2265 | D:3      | Reached skill level 1 in Dodging
  2432 | D:3      | Reached skill level 4 in Fighting
  2504 | D:3      | Found an ancient bone altar of Kikubaaqudgha.
  2620 | D:3      | Found a runed door.
  2624 | D:3      | Noticed Crazy Yiuf
  2631 | D:3      | Slain by Crazy Yiuf

Skill      XL: |  1  2  3  4 |
---------------+-------------+-----
Armour         | 2 |  2.8
Axes           | 2 |  2.6
Dodging        | 1 |  1.1
Fighting       | 4 |  4.0
Invocations    | |  2.8

Action                   |  1- 3 |  4- 6 || total
-------------------------+-------+-------++-------
Melee: Hand axe          |   133 |    92 ||   225
Invok: Depart the Abyss  |     1 |       ||     1
 Stab: Invisible         |       |     1 ||     1
  Eat: Chunk             |    16 |     7 ||    23
Armor: Chain mail        |   104 |    87 ||   191
Dodge: Dodged            |    53 |    45 ||    98
